[Event "ICC tourney 2332 (75 10)"]
[Site "Internet Chess Club"]
[Date "2021.01.23"]
[Round "2"]
[White "marinaxiao"]
[Black "MariusC"]
[Result "0-1"]
[ICCResult "White checkmated"]
[WhiteElo "1496"]
[BlackElo "1763"]
[Opening "Sicilian: Najdorf, Byrne (English) attack"]
[ECO "B90"]
[NIC "SI.14"]
[Time "16:32:30"]
[PlyCount "154"]
[TimeControl "4500+10"]

1. e4 c5 2. Nf3 d6 3. d4 cxd4 4. Nxd4 Nf6 5. Nc3 a6 6. Be3 e5 7. Nb3 Be6 8.
Be2 Be7 9. O-O O-O 10. Kh1 d5 11. exd5 Nxd5 12. Nxd5 Bxd5 13. Nc5 b6 14.
Na4 Be6 15. Nxb6 Ra7 16. Nc8 Rd7 17. Nxe7+ Qxe7 18. Qe1 Rc8 19. Bd3 Bd5 20.
f3 e4 21. fxe4 Bxe4 22. Bxe4 Qxe4 23. Rf4 Qe5 24. Rb4 Nc6 25. Rb6 Nd4 26.
Bxd4 Qxd4 27. Rb3 h6 28. Rd3 Qa7 29. Rxd7 Qxd7 30. Qe2 a5 31. c3 Re8 32.
Qc2 Re5 33. Rd1 Qe8 34. Qc1 Re2 35. c4 Qe4 36. Rg1 Rc2 37. Qe1 Qxe1 38.
Rxe1 Rxb2 39. Rc1 Kf8 40. Kg1 Rxa2 41. c5 Ke8 42. c6 Kd8 43. Rd1+ Kc7 44.
Rd7+ Kxc6 45. Rxf7 a4 46. Rxg7 Rd2 47. Rg6+ Rd6 48. Rg4 Kb5 49. Rg3 Kb4 50.
Rg4+ Kb3 51. Rg3+ Kc4 52. Kf2 Ra6 53. Ra3 Kb4 54. Ra1 Kb3 55. Rxa4 Rxa4 56.
Kg3 Rd4 57. Kf3 Kc4 58. Kg3 Kd5 59. h3 Ke5 60. Kf3 h5 61. Kg3 Kf5 62. Kf3
Rd3+ 63. Ke2 Ra3 64. Kf2 Kf4 65. Kg1 Kg3 66. Kf1 Ra1+ 67. Ke2 Kxg2 68. Ke3
h4 69. Ke4 Kxh3 70. Kf4 Rf1+ 71. Kg5 Kg3 72. Kh5 h3 73. Kg5 h2 74. Kg6 h1=Q
75. Kg7 Qh5 76. Kg8 Qf7+ 77. Kh8 Rh1# { White checkmated } 0-1

[Event "ICC tourney 2332 (75 10)"]
[Site "Internet Chess Club"]
[Date "2021.01.23"]
[Round "2"]
[White "rokrchess"]
[Black "Telos53"]
[Result "0-1"]
[ICCResult "White checkmated"]
[WhiteElo "1619"]
[BlackElo "1819"]
[Opening "Ruy Lopez: modern Steinitz defense"]
[ECO "C71"]
[NIC "RL.10"]
[Time "16:32:53"]
[PlyCount "68"]
[TimeControl "4500+10"]

1. e4 e5 2. Nf3 Nc6 3. Bb5 a6 4. Ba4 d6 5. d4 Bd7 6. O-O Nge7 7. c3 Ng6 8.
Bb3 Be7 9. Re1 O-O 10. Nbd2 h6 11. Nf1 Bg4 12. Be3 Nh4 13. N1d2 exd4 14.
cxd4 Bf6 15. d5 Ne5 16. Rc1 Nd3 17. Qc2 Nxe1 18. Nxe1 Rc8 19. f3 Bd7 20.
Nf1 c6 21. Qd3 c5 22. Bc2 Bxb2 23. e5 Bf5 24. Qd2 Bxc1 25. Qxc1 Bxc2 26.
Nxc2 dxe5 27. Ng3 f5 28. Nh5 f4 29. Qb2 Qg5 30. g4 Nxf3+ 31. Kh1 Qxg4 32.
Qb3 Qxh5 33. d6+ c4 34. Qxb7 Qxh2# { White checkmated } 0-1

[Event "ICC tourney 2332 (75 10)"]
[Site "Internet Chess Club"]
[Date "2021.01.23"]
[Round "2"]
[White "MChessy"]
[Black "Ananya22609"]
[Result "0-1"]
[ICCResult "White resigns"]
[WhiteElo "1900"]
[BlackElo "1625"]
[Opening "Sicilian: Najdorf"]
[ECO "B90"]
[NIC "SI.14"]
[Time "16:32:30"]
[PlyCount "74"]
[TimeControl "4500+10"]

1. e4 c5 2. Nf3 d6 3. d4 cxd4 4. Nxd4 Nf6 5. Nc3 a6 6. a4 Nbd7 7. Bd3 e6 8.
O-O Be7 9. Qf3 O-O 10. Qg3 Ne5 11. Be2 b6 12. f4 Ng6 13. f5 exf5 14. exf5
Ne5 15. Bh6 Ne8 16. Nd5 f6 17. Bh5 Kh8 18. Bxe8 gxh6 19. Nc6 Nxc6 20. Bxc6
Rb8 21. Rae1 Rg8 22. Qh4 Bf8 23. Re8 Qxe8 24. Bxe8 Bb7 25. Qxf6+ Bg7 26.
Qxd6 Bd4+ 27. Kh1 Rbxe8 28. Nf4 Be5 29. Qxb6 Ba8 30. f6 Bxf4 31. f7 Bxg2+
32. Kg1 Be4+ 33. fxg8=Q+ Rxg8+ 34. Kf2 Rg2+ 35. Ke1 Bd2+ 36. Kd1 Bxc2+ 37.
Kxc2 Be3+ { White resigns } 0-1

[Event "ICC tourney 2332 (75 10)"]
[Site "Internet Chess Club"]
[Date "2021.01.23"]
[Round "2"]
[White "castle2king"]
[Black "vober6"]
[Result "0-1"]
[ICCResult "White resigns"]
[WhiteElo "1660"]
[BlackElo "1876"]
[Opening "Ruy Lopez: closed, Pilnik variation"]
[ECO "C77"]
[NIC "RL.12"]
[Time "16:32:41"]
[PlyCount "70"]
[TimeControl "4500+10"]

1. e4 e5 2. Nf3 Nc6 3. Bb5 a6 4. Ba4 Nf6 5. d3 b5 6. Bb3 Be7 7. O-O O-O 8.
Re1 d6 9. c3 Be6 10. Bc2 Bg4 11. Nbd2 Nd7 12. Nf1 f5 13. Bb3+ Kh8 14. Ne3
fxe4 15. Nxg4 exf3 16. Bd5 Ndb8 17. Bxf3 Bf6 18. Nxf6 Qxf6 19. a4 bxa4 20.
Qxa4 d5 21. Bd2 Ne7 22. Qb3 Nd7 23. Be3 Rab8 24. Qc2 d4 25. Bd2 Nf5 26. Be4
Nd6 27. f3 Nxe4 28. Rxe4 Nc5 29. Re2 Qg6 30. cxd4 Nb3 31. Rae1 Nxd4 32.
Qxc7 Nxf3+ 33. Kh1 Nxe1 34. Rxe1 Qxd3 35. Be3 Qxe3 { White resigns } 0-1

[Event "ICC tourney 2332 (75 10)"]
[Site "Internet Chess Club"]
[Date "2021.01.23"]
[Round "2"]
[White "apachekid"]
[Black "landonp"]
[Result "1-0"]
[ICCResult "Black resigns"]
[WhiteElo "1825"]
[BlackElo "1472"]
[Opening "Pirc: Byrne variation"]
[ECO "B07"]
[NIC "PU.09"]
[Time "16:32:26"]
[PlyCount "97"]
[TimeControl "4500+10"]

1. d4 Nf6 2. Nc3 g6 3. e4 d6 4. Bg5 Bg7 5. e5 Ng4 6. h3 Nh6 7. Qd2 Ng8 8.
exd6 cxd6 9. Bc4 Nf6 10. Nf3 O-O 11. Bh6 d5 12. Bxg7 Kxg7 13. Bb3 Nbd7 14.
Nxd5 Nxd5 15. Bxd5 Nb6 16. Bb3 Bf5 17. Ne5 Rc8 18. g4 Be4 19. O-O f6 20. f3
fxe5 21. fxe4 Qxd4+ 22. Qxd4 exd4 23. Rxf8 Rxf8 24. Rf1 Rxf1+ 25. Kxf1 Kf6
26. Ke2 Kg5 27. Kf3 Kh4 28. Bg8 h6 29. Bf7 Kg5 30. e5 Na4 31. Kg3 h5 32.
h4+ Kh6 33. gxh5 gxh5 34. b3 Nc5 35. Kf4 a6 36. b4 d3 37. cxd3 Nxd3+ 38.
Kf5 Ne1 39. Bd5 b6 40. Be4 Kg7 41. Kf4 Kf7 42. Kf5 a5 43. bxa5 bxa5 44. a4
Kg7 45. Ke6 Kf8 46. Kd7 Kf7 47. e6+ Kf8 48. Kd8 Kg7 49. Kxe7 { Black
resigns } 1-0

[Event "ICC tourney 2332 (75 10)"]
[Site "Internet Chess Club"]
[Date "2021.01.23"]
[Round "2"]
[White "karuto2006"]
[Black "UltimateDL"]
[Result "1/2-1/2"]
[ICCResult "Game drawn by mutual agreement"]
[WhiteElo "1760"]
[BlackElo "1631"]
[Opening "Sicilian: accelerated fianchetto, Maróczy bind, 6.Be3"]
[ECO "B38"]
[NIC "SI.33"]
[Time "16:32:27"]
[PlyCount "72"]
[TimeControl "4500+10"]

1. e4 c5 2. Nf3 Nc6 3. d4 cxd4 4. Nxd4 g6 5. c4 Bg7 6. Be3 Nh6 7. Be2 O-O
8. Nc3 f6 9. O-O Nf7 10. Rb1 Qa5 11. Nb3 Qd8 12. Nd4 d6 13. b4 Nxd4 14.
Bxd4 f5 15. Bxg7 Kxg7 16. Rb3 f4 17. Nd5 e5 18. a4 Ng5 19. f3 Ne6 20. Rd3
a5 21. b5 b6 22. Nc3 Qc7 23. Rxd6 Nd4 24. Rxd4 Qc5 25. Nd5 exd4 26. Qd3 Be6
27. Rd1 Bxd5 28. cxd5 Rac8 29. Qxd4+ Qxd4+ 30. Rxd4 Rc2 31. Kf1 Rfc8 32. g3
fxg3 33. hxg3 Rb2 34. e5 Rcc2 35. Re4 Kf7 36. e6+ Ke8 { Game drawn by
mutual agreement } 1/2-1/2

[Event "ICC tourney 2332 (75 10)"]
[Site "Internet Chess Club"]
[Date "2021.01.23"]
[Round "2"]
[White "PearsonH"]
[Black "VianYang"]
[Result "1-0"]
[ICCResult "Black resigns"]
[WhiteElo "1752"]
[BlackElo "1620"]
[Opening "Queen's pawn, Mason variation, Steinitz counter-gambit"]
[ECO "D00"]
[NIC "QP.08"]
[Time "16:32:46"]
[PlyCount "87"]
[TimeControl "4500+10"]

1. d4 d5 2. Bf4 c5 3. e3 Nc6 4. c3 Nf6 5. Nd2 Qb6 6. Qb3 c4 7. Qc2 Nh5 8.
Bg5 h6 9. Bh4 e5 10. Be2 g6 11. Bxh5 Bf5 12. e4 dxe4 13. Be2 e3 14. Ne4
exf2+ 15. Bxf2 exd4 16. Bxc4 O-O-O 17. O-O-O Bc5 18. cxd4 Nxd4 19. Bxd4
Rxd4 20. Rxd4 Bxd4 21. Be6+ Kb8 22. Bxf5 gxf5 23. Nc3 Bxg1 24. Qxf5 Bxh2
25. Qxf7 Qe3+ 26. Kc2 Qg3 27. Qd5 Rg8 28. Rxh2 Qf2+ 29. Qd2 Qf5+ 30. Qd3
Qf2+ 31. Qe2 Qf5+ 32. Kb3 Qg6 33. Qe5+ Ka8 34. Qd5 Qb6+ 35. Qb5 Qg6 36. a3
a6 37. Qd5 Rc8 38. Rh1 Qb6+ 39. Ka2 Qf2 40. Qf3 Qc2 41. Rxh6 a5 42. Rh5 Kb8
43. Qg3+ Rc7 44. Rh8+ { Black resigns } 1-0

[Event "ICC tourney 2332 (75 10)"]
[Site "Internet Chess Club"]
[Date "2021.01.23"]
[Round "2"]
[White "serenacool"]
[Black "bg26723"]
[Result "0-1"]
[ICCResult "White resigns"]
[WhiteElo "1373"]
[BlackElo "1917"]
[Opening "Caro-Kann: advance variation"]
[ECO "B12"]
[NIC "CK.04"]
[Time "16:32:28"]
[PlyCount "74"]
[TimeControl "4500+10"]

1. e4 c6 2. d4 d5 3. e5 Bf5 4. h4 h5 5. c4 dxc4 6. Bxc4 e6 7. Nf3 Nd7 8.
O-O Bg4 9. a3 Ne7 10. Nc3 Nf5 11. Bg5 Be7 12. Qd3 Bxf3 13. Qxf3 Nxd4 14.
Qf4 Nf5 15. Rad1 Bxg5 16. hxg5 Qc7 17. g6 Nb6 18. gxf7+ Qxf7 19. Bd3 O-O
20. Qg5 g6 21. Kh2 Kg7 22. Rh1 Nd5 23. Ne4 Rh8 24. Kg1 h4 25. Nd6 Nxd6 26.
exd6 Rh5 27. Qg4 Qf6 28. g3 hxg3 29. Rxh5 Qxf2+ 30. Kh1 g2+ 31. Qxg2 Qxg2+
32. Kxg2 gxh5 33. Rh1 Nf4+ 34. Kf3 Nxd3 35. b3 Rd8 36. Rxh5 Rxd6 37. Rg5+
Kf6 { White resigns } 0-1

[Event "ICC tourney 2332 (75 10)"]
[Site "Internet Chess Club"]
[Date "2021.01.23"]
[Round "2"]
[White "ctforce3"]
[Black "kwen2008"]
[Result "1-0"]
[ICCResult "Black resigns"]
[WhiteElo "1890"]
[BlackElo "1730"]
[Opening "Ruy Lopez: 5.O-O"]
[ECO "C78"]
[NIC "RL.12"]
[Time "16:32:23"]
[PlyCount "115"]
[TimeControl "4500+10"]

1. e4 e5 2. Nf3 Nc6 3. Bb5 a6 4. Ba4 Nf6 5. O-O b5 6. Bb3 Bc5 7. d3 h6 8.
c3 d6 9. h3 O-O 10. d4 Bb6 11. Re1 Re8 12. Bc2 exd4 13. cxd4 Nb4 14. Nbd2
Nxc2 15. Qxc2 Bb7 16. b3 Qe7 17. e5 Nd5 18. Ba3 Qd7 19. Ne4 Ba5 20. Red1
Nb4 21. Bxb4 Bxb4 22. a3 Ba5 23. Rac1 Qe7 24. Qd3 dxe5 25. Nxe5 Bb6 26. Nc5
Bxc5 27. Rxc5 Rad8 28. b4 Rd5 29. Rxd5 Bxd5 30. Qf5 Be6 31. Qf3 Qg5 32. Qg3
Qxg3 33. fxg3 f6 34. Nd3 a5 35. bxa5 Ra8 36. Nc5 Bc8 37. Nb3 c6 38. d5 cxd5
39. Rxd5 Be6 40. Rxb5 Bxb3 41. Rxb3 Rxa5 42. Kf2 Kf7 43. g4 f5 44. gxf5 Kf6
45. g4 Ra7 46. Kf3 Ra4 47. Re3 Ra6 48. Re6+ Rxe6 49. fxe6 Kxe6 50. Ke4 g6
51. h4 h5 52. g5 Kd6 53. a4 Kc6 54. Ke5 Kb6 55. Kf6 Ka5 56. Kxg6 Kxa4 57.
Kf7 Kb5 58. g6 { Black resigns } 1-0

[Event "ICC tourney 2332 (75 10)"]
[Site "Internet Chess Club"]
[Date "2021.01.23"]
[Round "2"]
[White "rabbitAAAA"]
[Black "SuperBlueSky"]
[Result "1/2-1/2"]
[ICCResult "Game drawn by mutual agreement"]
[WhiteElo "1819"]
[BlackElo "1562"]
[Opening "QGD: exchange, positional line, 5...c6"]
[ECO "D35"]
[NIC "QO.16"]
[Time "16:32:26"]
[PlyCount "120"]
[TimeControl "4500+10"]

1. d4 d5 2. c4 e6 3. Nc3 Nf6 4. cxd5 exd5 5. Bg5 c6 6. e3 Be7 7. Bd3 Nbd7
8. Qc2 O-O 9. Nge2 Re8 10. O-O Nf8 11. Rfe1 Nh5 12. Bxe7 Qxe7 13. Rad1 g6
14. Nc1 Qg5 15. Kh1 Ng7 16. Qd2 Bf5 17. f3 Bxd3 18. Qxd3 Rad8 19. Nb3 b6
20. Qd2 Nd7 21. e4 Qxd2 22. Rxd2 Nf6 23. Rde2 Ne6 24. exd5 Nxd5 25. Nxd5
Rxd5 26. g3 Red8 27. Rc1 R8d6 28. Kg2 Nxd4 29. Nxd4 Rxd4 30. Rec2 Rd2+ 31.
Kh3 c5 32. b3 Kg7 33. f4 h6 34. a3 Rxc2 35. Rxc2 Rd3 36. b4 cxb4 37. axb4
Rd4 38. Rc7 Rxb4 39. Rxa7 Rb1 40. Rb7 b5 41. Kg4 Rb2 42. Kf3 b4 43. h4 b3
44. Kg4 Rb1 45. Kh3 Kg8 46. Kg2 Kg7 47. Kf3 b2 48. Kg2 Kf6 49. g4 g5 50.
hxg5+ hxg5 51. Rb6+ Kg7 52. fxg5 Rc1 53. Rxb2 Rc5 54. Kg3 Rxg5 55. Kf4 Ra5
56. Rb4 Kg6 57. Rb6+ f6 58. Rb4 Ra1 59. Rb5 Rf1+ 60. Kg3 Rc1 { Game drawn
by mutual agreement } 1/2-1/2

[Event "ICC tourney 2332 (75 10)"]
[Site "Internet Chess Club"]
[Date "2021.01.23"]
[Round "2"]
[White "Ethan719"]
[Black "pari538"]
[Result "1-0"]
[ICCResult "Black checkmated"]
[WhiteElo "1826"]
[BlackElo "1485"]
[Opening "Benko's opening"]
[ECO "A00"]
[NIC "VO.09"]
[Time "16:33:05"]
[PlyCount "111"]
[TimeControl "4500+10"]

1. g3 e5 2. Bg2 Nf6 3. c4 d5 4. cxd5 Nxd5 5. Nc3 Nxc3 6. bxc3 Nc6 7. e4 Bc5
8. Ne2 O-O 9. O-O Bg4 10. h3 Be6 11. Bb2 Bc4 12. Re1 Qf6 13. d4 Bxe2 14.
Rxe2 exd4 15. e5 Nxe5 16. Rxe5 Qxe5 17. cxd4 Qf6 18. Qd2 Rad8 19. d5 Qg6
20. Rc1 Bb6 21. Rc4 f6 22. Rg4 Qb1+ 23. Kh2 Qxa2 24. Rxg7+ Kxg7 25. Qg5+
Kh8 26. Bxf6+ Rxf6 27. Qxf6+ Kg8 28. Qxd8+ Kg7 29. Qe7+ Kg8 30. Qe8+ Kg7
31. Qe5+ Kg8 32. Qg5+ Kf7 33. Qf5+ Kg7 34. f4 Qa1 35. h4 Qf6 36. Qd7+ Qf7
37. Qc8 Qe7 38. Qxb7 Qd7 39. Qa6 Qd8 40. Qd3 Qf6 41. Qe2 Qg6 42. Be4 Qf6
43. Qg4+ Kf7 44. Qh5+ Ke7 45. Qxh7+ Kd6 46. Qg8 Qe7 47. Qg6+ Kd7 48. Qc6+
Kd8 49. Qa8+ Kd7 50. Bf5+ Qe6 51. dxe6+ Kd6 52. Qf8+ Kc6 53. e7 Kb5 54.
e8=Q+ Kc4 55. Qe4+ Kc3 56. Qfb4# { Black checkmated } 1-0

[Event "ICC tourney 2332 (75 10)"]
[Site "Internet Chess Club"]
[Date "2021.01.23"]
[Round "2"]
[White "Averyyu321"]
[Black "runtilmorrow1"]
[Result "1/2-1/2"]
[ICCResult "Game drawn by mutual agreement"]
[WhiteElo "1713"]
[BlackElo "1968"]
[Opening "Sicilian: Prins (Moscow) variation"]
[ECO "B55"]
[NIC "SI.01"]
[Time "16:32:29"]
[PlyCount "145"]
[TimeControl "4500+10"]

1. e4 c5 2. Nf3 d6 3. d4 cxd4 4. Nxd4 Nf6 5. f3 g6 6. c4 Bg7 7. Nc3 Nc6 8.
Nc2 O-O 9. Be2 Be6 10. Bd2 Qd7 11. O-O Rfc8 12. Rc1 Ne5 13. b3 a6 14. h3
Qd8 15. f4 Nc6 16. Bf3 b5 17. cxb5 axb5 18. Qe2 b4 19. Na4 Rab8 20. Rfd1
Qa5 21. Be3 Na7 22. Qf2 Nc6 23. Bb6 Qa6 24. Be2 Qb7 25. Qf1 Ra8 26. f5 Bd7
27. Be3 Nxe4 28. Nb6 Bxf5 29. Nxc8 Rxc8 30. Ba6 Qa8 31. Bxc8 Bxc8 32. Qc4
Nc3 33. Nxb4 Nxb4 34. Rxc3 Bxc3 35. Qxc3 Nd5 36. Rxd5 Qxd5 37. Qxc8+ Kg7
38. Qc3+ e5 39. Qc4 Qd1+ 40. Kf2 d5 41. Qe2 Qb1 42. Bd2 e4 43. Bc3+ f6 44.
b4 Qc1 45. Qd2 Qa3 46. Qb2 Qa7+ 47. Bd4 Qc7 48. Bxf6+ Kf7 49. Be5 Qa7+ 50.
Bd4 Qc7 51. Qd2 Qc4 52. Qf4+ Ke8 53. Qe5+ Kd7 54. Qg7+ Ke6 55. Qf6+ Kd7 56.
Qf7+ Kd8 57. Qf8+ Kd7 58. Qf7+ Kd8 59. Bb6+ Kc8 60. Qc7+ Qxc7 61. Bxc7 Kxc7
62. Ke3 Kb6 63. a4 h6 64. g3 Kc6 65. Kd4 Kb6 66. g4 g5 67. Ke3 Kc6 68. Kd4
Kb6 69. Ke3 Kc6 70. Kd4 Kb6 71. a5+ Kb5 72. Ke3 Ka6 73. Kd4 { Game drawn by
mutual agreement } 1/2-1/2

[Event "ICC tourney 2332 (75 10)"]
[Site "Internet Chess Club"]
[Date "2021.01.23"]
[Round "2"]
[White "JudeNYC"]
[Black "imranchamp"]
[Result "1-0"]
[ICCResult "Black checkmated"]
[WhiteElo "1622"]
[BlackElo "1826"]
[Opening "Sicilian defense"]
[ECO "B20"]
[NIC "SI.48"]
[Time "16:32:57"]
[PlyCount "135"]
[TimeControl "4500+10"]

1. e4 c5 2. a3 Nc6 3. b4 cxb4 4. axb4 Nxb4 5. c3 Nc6 6. d4 d5 7. exd5 Qxd5
8. Na3 e5 9. Nb5 Qd8 10. d5 Nb8 11. d6 Na6 12. Rxa6 bxa6 13. Nc7+ Kd7 14.
Nxa8 Bxd6 15. Qg4+ Ke8 16. Qxg7 Qf6 17. Qxf6 Nxf6 18. Be3 Bb7 19. Bxa7 Bxa8
20. f3 Bb7 21. c4 Ke7 22. Ne2 Ra8 23. Be3 Nd7 24. Ng3 Bb4+ 25. Bd2 a5 26.
Bd3 Nf6 27. Bxb4+ axb4 28. O-O Ra3 29. Be2 Ba6 30. Rb1 b3 31. Kf1 Nd7 32.
Ne4 f5 33. Nd2 Nc5 34. Bd1 Ra2 35. Nxb3 Bxc4+ 36. Kg1 Bxb3 37. Bxb3 Nxb3
38. Rxb3 Ra7 39. Rb6 Kf7 40. Rh6 Kg7 41. Rb6 Re7 42. Rb5 Kf6 43. Kf2 Re6
44. Rb7 Re7 45. Rxe7 Kxe7 46. Ke3 Kf6 47. f4 e4 48. g4 h6 49. gxf5 Kxf5 50.
h3 h5 51. h4 Kg4 52. Kxe4 Kxh4 53. f5 Kg5 54. Ke5 h4 55. f6 Kg6 56. Ke6 h3
57. f7 h2 58. f8=Q h1=Q 59. Qg8+ Kh5 60. Qh8+ Kg4 61. Qxh1 Kg3 62. Qf1 Kh2
63. Qf3 Kg1 64. Qe2 Kh1 65. Kf5 Kg1 66. Kg4 Kh1 67. Kg3 Kg1 68. Qe1# {
Black checkmated } 1-0

[Event "ICC tourney 2332 (75 10)"]
[Site "Internet Chess Club"]
[Date "2021.01.23"]
[Round "2"]
[White "xyzchessdude"]
[Black "arconsul2"]
[Result "1/2-1/2"]
[ICCResult "Game drawn by mutual agreement"]
[WhiteElo "1960"]
[BlackElo "1736"]
[Opening "English: Neo-Catalan declined"]
[ECO "A14"]
[NIC "RE.09"]
[Time "16:32:33"]
[PlyCount "117"]
[TimeControl "4500+10"]

1. Nf3 d5 2. c4 e6 3. g3 Nf6 4. Bg2 Be7 5. O-O O-O 6. b3 c5 7. Bb2 Nc6 8.
e3 b6 9. Nc3 Bb7 10. cxd5 exd5 11. d4 Qd7 12. Ne5 Qe6 13. Nb5 Rfc8 14. Nd3
a6 15. Nf4 Qg4 16. Nc3 Qxd1 17. Raxd1 Nb4 18. a3 cxd4 19. exd4 Nc2 20.
Ncxd5 Nxd5 21. Nxd5 Bxd5 22. Bxd5 Ra7 23. Rc1 Rac7 24. Bc4 b5 25. Rxc2 bxc4
26. Rxc4 Rxc4 27. bxc4 Rxc4 28. Rc1 Rxc1+ 29. Bxc1 Kf8 30. Kf1 Bf6 31. Be3
Ke7 32. Ke2 Kd6 33. Kd3 Kd5 34. f3 Bd8 35. Bd2 Bb6 36. Bc3 Ba7 37. g4 Bb6
38. h4 Bd8 39. Be1 Bf6 40. Bf2 g6 41. h5 gxh5 42. gxh5 Bd8 43. Kc3 Be7 44.
a4 f5 45. Bg3 Bf8 46. Be5 Be7 47. Kd3 Bg5 48. Bg7 Bc1 49. Bf8 Bg5 50. Bc5
Bc1 51. Bb4 Bg5 52. Be1 Bf6 53. Bf2 Bg7 54. Kc3 Bf8 55. Bh4 Bg7 56. Bf2 Bf8
57. Kd3 Bg7 58. Be3 Bf6 59. Bf2 { Game drawn by mutual agreement } 1/2-1/2

[Event "ICC tourney 2332 (75 10)"]
[Site "Internet Chess Club"]
[Date "2021.01.23"]
[Round "2"]
[White "kasraei"]
[Black "TheGrandAmateur"]
[Result "1-0"]
[ICCResult "Black resigns"]
[WhiteElo "1064"]
[BlackElo "1752"]
[Opening "Robatsch (modern) defense"]
[ECO "A40"]
[NIC "KF.05"]
[Time "16:32:49"]
[PlyCount "87"]
[TimeControl "4500+10"]

1. d4 g6 2. e4 Bg7 3. Nf3 c6 4. c3 d5 5. e5 h5 6. Bd3 Nh6 7. Nh4 O-O 8. O-O
e6 9. Bxh6 Bxh6 10. g3 b6 11. Nd2 Ba6 12. Qc2 Bxd3 13. Qxd3 Qe8 14. f4 c5
15. Ndf3 Nc6 16. Rac1 Ne7 17. Qa6 Nf5 18. Nxf5 gxf5 19. Qe2 f6 20. exf6
Rxf6 21. Ne5 Bg7 22. Qa6 Rh6 23. Rfe1 Bxe5 24. Rxe5 Qc8 25. Qf1 Kf7 26.
Rce1 Qd7 27. dxc5 bxc5 28. Qa6 Rb8 29. Rxf5+ Kg7 30. Rg5+ Kh8 31. Qe2 Rg8
32. Qe5+ Kh7 33. Rxh5 Rg6 34. Rxh6+ Rxh6 35. g4 Qb7 36. g5 Rg6 37. h4 Qg7
38. h5 Qxe5 39. hxg6+ Kxg6 40. Rxe5 Kf7 41. Kf2 a5 42. Ke3 a4 43. a3 Ke7
44. f5 { Black resigns } 1-0

[Event "ICC tourney 2332 (75 10)"]
[Site "Internet Chess Club"]
[Date "2021.01.23"]
[Round "2"]
[White "Theutltl"]
[Black "adwaysane"]
[Result "1/2-1/2"]
[ICCResult "Game drawn by mutual agreement"]
[WhiteElo "1468"]
[BlackElo "1673"]
[Opening "Giuoco Piano"]
[ECO "C54"]
[NIC "IG.02"]
[Time "16:33:19"]
[PlyCount "105"]
[TimeControl "4500+10"]

1. e4 e5 2. Nf3 Nc6 3. Bc4 Bc5 4. c3 Nf6 5. d3 a6 6. O-O d6 7. b4 Ba7 8.
Nbd2 O-O 9. h3 h6 10. Re1 Be6 11. Bb3 Ne7 12. Nf1 Ng6 13. Ng3 Nf4 14. d4
Bxb3 15. axb3 Ng6 16. Be3 Re8 17. Qc2 Qd7 18. dxe5 dxe5 19. Bxa7 Rxa7 20.
Rad1 Qb5 21. Nf5 Raa8 22. Ne3 Nf4 23. Nc4 Ng6 24. Ra1 b6 25. Rad1 Qc6 26.
Ncd2 a5 27. bxa5 Rxa5 28. Ra1 Rxa1 29. Rxa1 Rd8 30. Re1 b5 31. c4 Nd7 32.
Nf1 bxc4 33. Ne3 Nb6 34. bxc4 f6 35. Nd2 Nf4 36. Nf5 Qd7 37. Nb3 Qd3 38.
Qxd3 Nxd3 39. Rd1 Rd7 40. Ne3 Nf4 41. Rxd7 Nxd7 42. Nd5 Nxd5 43. cxd5 Kf7
44. f3 Ke7 45. Kf2 Kd6 46. Na5 Nc5 47. Nc4+ Ke7 48. Ne3 g6 49. g4 Nd3+ 50.
Kg3 Nf4 51. h4 Ne2+ 52. Kf2 Nd4 53. Nc4 { Game drawn by mutual agreement }
1/2-1/2

[Event "ICC tourney 2332 (75 10)"]
[Site "Internet Chess Club"]
[Date "2021.01.23"]
[Round "2"]
[White "Sricharan07"]
[Black "Mitochondria"]
[Result "1-0"]
[ICCResult "Black resigns"]
[WhiteElo "1877"]
[BlackElo "1575"]
[Opening "King's Indian: London system"]
[ECO "A48"]
[NIC "QP.06"]
[Time "16:32:25"]
[PlyCount "99"]
[TimeControl "4500+10"]

1. d4 Nf6 2. Nf3 g6 3. Bf4 d6 4. e3 Bg7 5. Be2 O-O 6. h3 b6 7. O-O Bb7 8.
Nbd2 Nbd7 9. c3 c5 10. Re1 Ne4 11. Bd3 Ndf6 12. Nxe4 Nxe4 13. Rc1 Re8 14.
Bb1 cxd4 15. cxd4 Rc8 16. Nd2 Nxd2 17. Qxd2 Qd7 18. b3 Rxc1 19. Rxc1 Rc8
20. Bg3 Rc6 21. f3 Bh6 22. Bf2 Qc8 23. Rxc6 Bxc6 24. Qc3 Qb7 25. Bd3 Bxf3
26. gxf3 Qxf3 27. Qc8+ Kg7 28. Qg4 Qc6 29. Qd1 Qc8 30. Kh2 Qe6 31. Qf3 Qc8
32. Bc4 e6 33. Bg3 Qd7 34. Bh4 d5 35. Be2 Qd6+ 36. Kg2 f5 37. Qg3 f4 38.
exf4 Bxf4 39. Qf3 e5 40. Bg3 g5 41. Bxf4 exf4 42. h4 h6 43. hxg5 hxg5 44.
Qg4 Qe7 45. Bf3 Qe3 46. Qxg5+ Kf8 47. Qf6+ Ke8 48. Qe5+ Qxe5 49. dxe5 Ke7
50. Bxd5 { Black resigns } 1-0

[Event "ICC tourney 2332 (75 10)"]
[Site "Internet Chess Club"]
[Date "2021.01.23"]
[Round "2"]
[White "QueensRule"]
[Black "jmwgroff"]
[Result "0-1"]
[ICCResult "White checkmated"]
[WhiteElo "1628"]
[BlackElo "1894"]
[Opening "Caro-Kann: exchange variation"]
[ECO "B13"]
[NIC "CK.02"]
[Time "16:32:29"]
[PlyCount "102"]
[TimeControl "4500+10"]

1. e4 c6 2. d4 d5 3. exd5 cxd5 4. Bd3 Nc6 5. c3 Nf6 6. h3 g6 7. Nf3 Bg7 8.
O-O Bf5 9. Bxf5 gxf5 10. Bf4 O-O 11. Qc1 Kh8 12. Bh6 Rg8 13. Bxg7+ Rxg7 14.
Qf4 Qd7 15. Nh4 Rag8 16. Nd2 e6 17. Qh6 Qd8 18. g3 Ne8 19. Ndf3 Nd6 20. Ng2
Rg6 21. Qf4 Ne4 22. Ne5 R6g7 23. h4 Qb8 24. Nf3 b5 25. Qxb8 Rxb8 26. Rad1
Rgg8 27. Nd2 b4 28. Nxe4 fxe4 29. Nf4 bxc3 30. bxc3 Rb2 31. a4 Rgb8 32. Ra1
R8b3 33. Rfc1 Kg7 34. Kf1 Na5 35. Ke1 Kf6 36. Ne2 Kf5 37. Kd1 Nc4 38. Rc2
Rxc2 39. Kxc2 Rb2+ 40. Kd1 Kg4 41. Ke1 e3 42. Kf1 Nd2+ 43. Ke1 exf2+ 44.
Kxf2 Ne4+ 45. Kf1 Kf3 46. Ng1+ Kxg3 47. h5 f5 48. Ne2+ Kg4 49. h6 f4 50.
Ra3 f3 51. Ng1 Rb1# { White checkmated } 0-1

[Event "ICC tourney 2332 (75 10)"]
[Site "Internet Chess Club"]
[Date "2021.01.23"]
[Round "2"]
[White "hi987"]
[Black "chessp1234"]
[Result "0-1"]
[ICCResult "White checkmated"]
[WhiteElo "1596"]
[BlackElo "1784"]
[Opening "Caro-Kann: classical, Spassky variation"]
[ECO "B19"]
[NIC "CK.12"]
[Time "16:32:28"]
[PlyCount "158"]
[TimeControl "4500+10"]

1. e4 c6 2. d4 d5 3. Nc3 dxe4 4. Nxe4 Bf5 5. Ng3 Bg6 6. h4 h6 7. Nf3 Nd7 8.
h5 Bh7 9. Bd3 Bxd3 10. Qxd3 Ngf6 11. Bd2 Qc7 12. O-O-O e6 13. Ne4 Nxe4 14.
Qxe4 Nf6 15. Qe2 O-O-O 16. g3 Bd6 17. Ne5 c5 18. Bf4 Nd5 19. dxc5 Nxf4 20.
gxf4 Bxc5 21. Rhg1 Rxd1+ 22. Kxd1 Rd8+ 23. Kc1 Bf8 24. Rg3 Rd5 25. Rc3 Rc5
26. Rxc5 Bxc5 27. f3 Bd6 28. Qe4 Kd8 29. Kd1 Ke7 30. Ke2 a6 31. a4 f5 32.
Ng6+ Kd7 33. Qd3 Ke8 34. Qb3 Kd7 35. c3 b6 36. Ke3 Qc5+ 37. Ke2 Qg1 38. Qd1
Qg2+ 39. Ke3 Qxb2 40. Qd4 Qc1+ 41. Kf2 Kc6 42. Ne5+ Kc7 43. Qc4+ Bc5+ 44.
Kg2 Qg1+ 45. Kh3 Kd6 46. Qd3+ Bd4 47. Qxd4+ Qxd4 48. cxd4 b5 49. axb5 axb5
50. Kg3 Kd5 51. Kf2 Kxd4 52. Ke2 b4 53. Kd2 b3 54. Kc1 Ke3 55. Kb2 Kxf4 56.
Ng6+ Kxf3 57. Kxb3 Kg4 58. Kc4 Kxh5 59. Nf4+ Kg4 60. Nxe6 f4 61. Kd3 g5 62.
Ke2 Kg3 63. Ng7 f3+ 64. Kf1 g4 65. Nh5+ Kh4 66. Nf4 g3 67. Kg1 Kg4 68. Nd3
h5 69. Ne5+ Kf4 70. Nd3+ Ke3 71. Ne5 f2+ 72. Kf1 g2+ 73. Kxg2 Ke2 74. Kh3
f1=Q+ 75. Kh4 Qf6+ 76. Kxh5 Qxe5+ 77. Kh4 Qg7 78. Kh3 Kf3 79. Kh2 Qg2# {
White checkmated } 0-1